 Dungeon Crawl Stone Soup version 0.28-a0-1236-gb25a51b929 (webtiles) character file.

Game seed: 107103174772614430

178981 SnakkuSnakku7 the Fencer (level 17, -1/108 HPs)
             Began as a Tengu Gladiator on Dec 25, 2021.
             Was the Champion of Zin.
             Slain by a fenstrider witch (13 damage)
             ... while paralysed by a fenstrider witch
             ... on level 2 of the Swamp on Dec 26, 2021.
             The game lasted 01:12:48 (46671 turns).

SnakkuSnakku7 the Fencer (Tengu Gladiator)         Turns: 46671, Time: 01:12:48

Health: -1/108     AC: 33    Str: 23    XL:     17   Next: 89%
Magic:  20/25      EV:  2    Int:  9    God:    Zin [******]
Gold:   721        SH:  0    Dex: 21    Spells: 16/16 levels left

rFire   . . .      SeeInvis .   a - +7 double sword (elec)
rCold   . . .      Faith    .   H - +1 kite shield {rPois}
rNeg    . . .      Spirit   .   m - +2 crystal plate armour
rPois   +          Reflect  +   c - +2 hat
rElec   .          Harm     .   z - +2 cloak
rCorr   .          Rampage  .   E - +1 pair of gloves {infuse}
Will    +....                   (boots unavailable)
Stlth   ..........              B - amulet of reflection
HPRegen 0.28/turn               r - +4 ring of evasion
MPRegen 0.19/turn               I - +6 ring of dexterity

@: paralysed, lethally poisoned (-1 -> -5), flying quickly and evasively, quick
A: beak, talons 3, nimble flight
}: 1/15 runes: gossamer
a: Renounce Religion, Recite, Vitalisation, Imprison, Sanctuary, Donate Gold


You were on level 2 of the Swamp.
You worshipped Zin.
Zin was exalted by your worship.
You visited 5 branches of the dungeon, and saw 29 of its levels.

You collected 2685 gold pieces.
You spent 1711 gold pieces at shops.
You donated 253 gold pieces to Zin.

Inventory:

Hand Weapons
 a - a +7 double sword of electrocution (weapon)
 b - a +4 scimitar of flaming
Missiles
 d - 2 throwing nets (quivered)
 h - 9 curare-tipped darts
Armour
 c - a +2 hat (worn)
 m - a +2 crystal plate armour (worn)
 z - a +2 cloak (worn)
 E - a +1 pair of gloves of infusion (worn)
 H - a +1 kite shield of poison resistance (worn)
Jewellery
 n - a ring of protection from fire
 r - a +4 ring of evasion (left hand)
 x - a ring of willpower
 B - an amulet of reflection (around neck)
 I - a +6 ring of dexterity (right hand)
 J - a ring of protection from cold
Wands
 o - a wand of flame (26)
 q - a wand of acid (1)
 u - a wand of iceblast (5)
 y - a wand of digging (5)
Scrolls
 l - 2 scrolls of teleportation
 p - 2 scrolls of fog
 v - 2 scrolls of brand weapon
 w - 4 scrolls of magic mapping
Potions
 e - 5 potions of curing
 f - 7 potions of ambrosia
 g - 2 potions of magic
 i - 2 potions of might
 j - 5 potions of haste
 k - 5 potions of mutation
 s - a potion of resistance
 t - 3 potions of brilliance
 A - 2 potions of heal wounds
 D - 2 potions of attraction
 G - 4 potions of cancellation
 K - a potion of invisibility
Miscellaneous
 F - a lightning rod (4/4)


   Skills:
 + Level 12.6 Fighting
 - Level 16.0 Long Blades
 - Level 6.8 Maces & Flails
 - Level 4.0 Throwing
 - Level 14.3 Armour
 - Level 10.0 Dodging
 - Level 15.0 Shields
 - Level 10.0 Invocations
 - Level 8.0 Evocations


You had 16 spell levels left.
You didn't know any spells.
Your spell library contained the following spells:

 Spells                   Type           Power      Damage    Failure   Level
 Foxfire                  Conj/Fire      0%         2x1d4     100%        1
 Sandblast                Erth           0%         2d4       100%        1
 Blink                    Tloc           0%         N/A       100%        2
 Ensorcelled Hibernation  Hex/Ice        0%         N/A       100%        2
 Passwall                 Tmut/Erth      0%         N/A       100%        2
 Sublimation of Blood     Necr           0%         N/A       100%        2
 Wereblood                Tmut           0%         N/A       100%        2
 Conjure Flame            Conj/Fire      0%         6-21      100%        3
 Dazzling Flash           Conj/Hex       0%         N/A       100%        3
 Ignite Poison            Fire/Tmut/Pois 0%         N/A       100%        3
 Inner Flame              Hex/Fire       0%         N/A       100%        3
 Lesser Beckoning         Tloc           0%         N/A       100%        3
 Mephitic Cloud           Conj/Pois/Air  0%         N/A       100%        3
 Swiftness                Air            0%         N/A       100%        3
 Tukima's Dance           Hex            0%         N/A       100%        3
 Animate Dead             Necr           0%         N/A       100%        4
 Cause Fear               Hex            0%         N/A       100%        4
 Flame Wave               Conj/Fire      0%         2d4       100%        4
 Iskenderun's Mystic Bla  Conj/Tloc      0%         2d3       100%        4
 Petrify                  Tmut/Erth      0%         N/A       100%        4
 Agony                    Necr           0%         N/A       100%        5
 Alistair's Intoxication  Tmut/Pois      0%         N/A       100%        5
 Borgnjor's Vile Clutch   Necr/Erth      0%         N/A       100%        5
 Freezing Cloud           Conj/Ice/Air   0%         6-21      100%        5
 Irradiate                Conj/Tmut      0%         3d14      100%        5
 Manifold Assault         Tloc           0%         N/A       100%        5
 Silence                  Hex/Air        0%         N/A       100%        5
 Death Channel            Necr           0%         N/A       100%        6
 Eringya's Noxious Bog    Tmut/Pois      0%         N/A       100%        6
 Starburst                Conj/Fire      0%         6d3       100%        6
 Statue Form              Tmut/Erth      0%         N/A       100%        6
 Dragon Form              Tmut           0%         N/A       100%        7
 Summon Hydra             Summ           0%         N/A       100%        7
 Dragon's Call            Summ           0%         N/A       100%        9
 Shatter                  Erth           0%         3d5*      100%        9


Dungeon Overview and Level Annotations

Branches:
Dungeon (15/15)            Temple (0/1) D:6            Lair (6/6) D:10
  Swamp (2/4) Lair:3       Spider (4/4) Lair:2        Slime (0/5) Lair:6
    Orc (2/2) D:12            Elf (0/3) Orc:2        Vaults (0/5) D:14
 Depths (0/4) D:15

Altars:
Dithmenos
Fedhas
Gozag
Hepliaklqana
Kikubaaqudgha
Makhleb
Nemelex Xobeh
Ru
Sif Muna
Trog
Uskayaw
Wu Jian
Zin
The Shining One
Beogh

Shops:
D:2 [   D:11 *   D:15 *   Orc:2 =(?[

Portals:
Trove: D:12 (give 3 potions of resistance)

Annotations:
D:3 Zonian's ghost, amateur TrFi
D:15 exclusion: upstairs
Lair:5 exclusion: 2 oklob plants


Innate Abilities, Weirdness & Mutations

You have a beak for a mouth.
You have claws for feet.
Your magical nature lets you fly swiftly and evasively.


Message History

The fenstrider witch kicks you!
The swamp worm fires a harpoon shot at you.
The harpoon shot hits you!
You are yanked forward by the harpoon shot.
You slash the swamp worm! Your kick misses the swamp worm.
The swamp worm is moderately wounded.
You block the swamp worm's attack.
You closely miss the fenstrider witch. Your kick misses the fenstrider witch.
Your peck misses the fenstrider witch.
The fenstrider witch is heavily wounded.
The fenstrider witch casts a spell at you.
Your body is wracked with pain!
The swamp worm barely misses you.
Unknown command.
Unknown command.
You hit the fenstrider witch.
Lightning courses through the fenstrider witch!!
You claw the fenstrider witch!
You peck the fenstrider witch, but do no damage.
The fenstrider witch is almost dead.
The fenstrider witch gestures at you while chanting.
You suddenly lose the ability to move!
The swamp worm bites you but does no damage.
The fenstrider witch hits you but does no damage.
The fenstrider witch kicks you but does no damage.
The swamp worm bites you!
The fenstrider witch gestures at you while chanting.
You shrug off the repeated paralysis!
The swamp worm bites you!
* * * LOW HITPOINT WARNING * * *
The fenstrider witch casts a spell at you.
You shrug off the repeated paralysis!
The swamp worm bites you but does no damage.
The fenstrider witch casts a spell at you.
The toxic sludge hits you!
You are poisoned.
You partially resist.
* * * LOW HITPOINT WARNING * * *
You feel sick. The swamp worm bites you.
* * * LOW HITPOINT WARNING * * *
The fenstrider witch hits you!
You die...

.♣♣.≈♣ .. ≈≈.≈≈≈ ♣.
≈≈.≈.≈ ♣[ ≈.≈≈≈≈≈≈..≈≈.♣
♣.♣♣ ♣
....≈.≈≈.≈..≈♣♣.≈♣♣ .♣
♣♣ ♣≈≈≈≈≈..♣♣.≈≈≈♣.≈≈♣$♣
.§♣♣.♣≈.≈..♣♣.≈≈.≈.♣≈≈≈♣
.≈≈§.!>≈...♣ ♣≈w@H≈≈♣
≈≈.≈≈..≈≈..♣ ♣≈♣≈≈.♣≈.♣
≈$.≈§..<.≈.♣♣♣ ♣§≈.≈≈♣♣
♣..≈≈≈†≈§≈.♣ ♣≈≈.≈.♣
♣♣♣..≈<.≈.♣♣♣..≈...♣♣
♣.†.≈≈≈≈.♣..≈.≈≈≈♣
♣.≈.≈≈≈≈≈.≈≈≈≈§≈≈♣
♣.≈.≈≈≈.≈.≈♣§≈≈≈≈.
♣♣.≈.≈.....≈.≈.


You could see a fenstrider witch and a swamp worm.

Vanquished Creatures
  Nikola (Spider:1)
  Jorgrun (D:13)
  Donald (Swamp:1)
  4 emperor scorpions
  2 ghost moths
  2 ghouls
  An ironbound preserver (D:14)
  An eleionoma (Swamp:1)
  A bunyip (Swamp:1)
  3 entropy weavers (Spider:2)
  A spark wasp (Spider:4)
  The ghost of strifetoe the Grappler, a journeyman TrMo of Okawaru (D:11)
  Josephine (D:13)
  7 hydras
  3 death knights
  6 boulder beetles
  3 catoblepae
  2 alligators
  14 death yaks
  6 centaur warriors
  4 two-headed ogres
  A deep troll shaman (Lair:6)
  8 death scarabs (Spider:4)
  5 tengu warriors
  Urug (Lair:4)
  Nergalle (Lair:4)
  A spriggan (Swamp:1)
  3 goliath frogs (Swamp:1)
  5 skeletal warriors (D:14)
  A spriggan druid (Swamp:1)
  A swamp dragon (Lair:3)
  A deep elf archer (D:12)
  2 orc knights
  3 spectral wolf spiders (Spider:4)
  A wizard (D:15)
  A phantasmal warrior (D:14)
  2 deep elf zephyrmancers
  2 deep elf pyromancers
  3 wolf spider zombies (Spider:4)
  A harpy (D:14)
  A necromancer (D:15)
  7 ugly things
  15 orb spiders
  17 wolf spiders
  6 orc sorcerers
  A will-o-the-wisp (Lair:3)
  8 manticores
  12 slime creatures
  8 cyclopes
  13 elephants
  3 moths of wrath
  A naga mage (D:15)
  6 black mambas
  Joseph (Lair:1)
  A gargoyle (D:12)
  9 cane toads
  Maggie (D:7)
  4 spectral redbacks (Spider:4)
  8 kobold demonologists
  10 demonic crawlers
  6 komodo dragons
  2 rime drakes
  An efreet (D:15)
  2 freezing wraiths (D:14)
  A yaktaur (D:12)
  A redback zombie (Spider:4)
  22 jumping spiders
  A queen bee (D:14)
  6 trolls
  5 polar bears
  6 meliai
  3 spectral tarantellas (Spider:4)
  A harpy zombie (D:15)
  6 tyrant leeches
  A wolf spider simulacrum (D:13)
  7 hornets
  19 blink frogs
  A tarantella zombie (Spider:4)
  3 spectral jumping spiders (Spider:4)
  A blink frog (shapeshifter) (D:15)
  4 dream sheep (Lair:6)
  Sigmund (D:3)
  8 wraiths
  21 yaks
  40 redbacks
  A shadow (D:13)
  3 wyverns
  27 tarantellas
  A vampire (D:14)
  11 vampire mosquitoes
  6 basilisks
  A harpy simulacrum (D:15)
  12 wargs
  9 swamp worms
  2 acid dragons
  A sky beast (D:6)
  13 water moccasins
  2 ice beasts (D:6)
  3 spectral hornets (Spider:4)
  15 black bears
  2 hornet zombies
  27 orc warriors
  3 necrophages
  2 ogres
  12 centaurs
  23 wolves
  2 phantoms
  A gnoll sergeant (D:6)
  12 kobold brigands
  10 bullfrogs
  7 scorpions
  5 jellies
  A wyvern skeleton (D:7)
  18 killer bees
  5 wights
  A vampire bat (Lair:6)
  6 howler monkeys
  A bullfrog zombie (D:7)
  A human zombie (D:8)
  4 bullfrog skeletons
  A centaur skeleton (D:7)
  3 centaur zombies
  4 orc priests
  A hound (D:4)
  A scorpion zombie (D:3)
  Jessica (D:3)
  2 iguanas
  47 orc wizards
  6 hell rats (Lair:5)
  A killer bee zombie (D:8)
  4 mummies (D:8)
  3 howler monkey zombies
  6 gnolls
  5 adders
  2 white imps (D:6)
  An ufetubus (D:4)
  3 worms
  5 dart slugs
  113 orcs
  5 ball pythons
  15 bats
  5 endoplasms
  9 giant cockroaches
  8 goblins
  3 hobgoblins
  3 jackals (D:1)
  15 kobolds
  10 quokkas
  A ball python skeleton (D:3)
  4 frilled lizards
  6 rats
952 creatures vanquished.

Vanquished Creatures (collateral kills)
  A redback (Spider:1)
1 creature vanquished.

Vanquished Creatures (others)
  A deep elf pyromancer (D:14)
  A spectral redback (Spider:4)
  2 bloated husks
  A hornet (Spider:1)
  An orc priest (Orc:2)
  2 orcs (Orc:2)
  A bat (Lair:6)
  A bush (Lair:6)
  2 foxfires (Swamp:1)
  37 fungi
  3 pillars of salt (D:13)
  48 plants
100 creatures vanquished.

Grand Total: 1053 creatures vanquished

Notes
Turn   | Place    | Note
-------+----------+-------------------------------------------
     0 | D:1      | SnakkuSnakku7 the Tengu Gladiator began the quest for the
                  | Orb.
     0 | D:1      | Reached XP level 1. HP: 12/12 MP: 2/2
   152 | D:1      | Reached XP level 2. HP: 10/17 MP: 3/3
   391 | D:1      | Reached XP level 3. HP: 18/21 MP: 4/4
   563 | D:1      | Found a faded altar of an unknown god.
   574 | D:1      | Prayed at the altar of an unknown god.
   574 | D:1      | Became a worshipper of Zin the Law-Giver
   574 | D:1      | Reached * piety under Zin
   834 | D:1      | Reached skill level 5 in Maces & Flails
  1047 | D:2      | Found Ifout's Antique Armour Shoppe.
  1673 | D:2      | Reached XP level 4. HP: 16/26 MP: 5/5
  2722 | D:3      | Found a glowing golden altar of the Shining One.
  2796 | D:3      | Found a hazy altar of Hepliaklqana.
  2856 | D:3      | Zin protects you from harm!
  3138 | D:3      | Noticed Jessica
  3148 | D:3      | Killed Jessica
  3149 | D:3      | Gained mutation: Your magical nature lets you fly swiftly
                  | and evasively. [Tengu growth]
  3149 | D:3      | Reached XP level 5. HP: 28/30 MP: 6/6
  3264 | D:3      | Found a runed translucent gate.
  3264 | D:3      | Found a runed translucent gate.
  3264 | D:3      | Found a runed translucent gate.
  3273 | D:3      | Noticed Zonian's ghost (amateur TrFi)
  3407 | D:3      | Noticed Sigmund
  3549 | D:4      | Noticed a phantom
  3557 | D:4      | Killed a phantom
  3558 | D:4      | Reached XP level 6. HP: 28/35 MP: 7/7
  4079 | D:4      | Identified the +1 robe of the Cherry {Harm rN+ Int+6}
  4124 | D:4      | Reached skill level 1 in Long Blades
  4904 | D:3      | Killed Sigmund
  4905 | D:3      | Reached skill level 3 in Long Blades
  4905 | D:3      | Reached XP level 7. HP: 40/40 MP: 8/8
  5081 | D:3      | Reached skill level 4 in Long Blades
  5509 | D:5      | Entered Level 5 of the Dungeon
  5897 | D:5      | Reached skill level 5 in Long Blades
  6076 | D:5      | Reached skill level 6 in Long Blades
  6119 | D:5      | Reached XP level 8. HP: 20/44 MP: 9/9
  6688 | D:5      | Reached ** piety under Zin
  6704 | D:5      | Reached skill level 7 in Long Blades
  7276 | D:6      | Reached skill level 8 in Long Blades
  7504 | D:6      | Found a staircase to the Ecumenical Temple.
  7783 | D:6      | Reached skill level 9 in Long Blades
  7788 | D:6      | Reached *** piety under Zin
  8067 | D:7      | Reached XP level 9. HP: 38/48 MP: 10/10
  8081 | D:6      | Reached skill level 10 in Long Blades
  8382 | D:7      | Noticed a cyclops
  8665 | D:7      | Reached skill level 1 in Shields
  8838 | D:7      | Got the Reference Book on the Mountains
  8989 | D:7      | Reached skill level 11 in Long Blades
  9089 | D:7      | Noticed a troll
  9104 | D:7      | Killed a cyclops
  9110 | D:7      | Found a hide-covered altar of Uskayaw.
  9127 | D:7      | Killed a troll
  9128 | D:7      | Reached skill level 12 in Long Blades
  9253 | D:7      | Reached XP level 10. HP: 52/53 MP: 11/11
  9271 | D:7      | Reached **** piety under Zin
  9285 | D:7      | Identified the +2 robe "Biangusk" {Int+5}
  9313 | D:7      | Found an ornate altar of the Wu Jian Council.
  9463 | D:7      | Noticed Maggie
  9485 | D:7      | Killed Maggie
  9745 | D:8      | Reached skill level 13 in Long Blades
  9940 | D:8      | Found a burning altar of Makhleb.
  9967 | D:8      | Noticed a kobold demonologist
  9986 | D:8      | Killed a kobold demonologist
 10322 | D:8      | Reached ***** piety under Zin
 10519 | D:8      | Found an ancient bone altar of Kikubaaqudgha.
 10765 | D:9      | Found a bloodstained altar of Trog.
 10765 | D:9      | Noticed a two-headed ogre
 10846 | D:9      | Killed a two-headed ogre
 10847 | D:9      | Reached skill level 14 in Long Blades
 10876 | D:9      | Noticed a six-headed hydra
 10944 | D:8      | Reached skill level 1 in Evocations
 11391 | D:9      | Noticed a two-headed ogre
 11421 | D:9      | Killed a two-headed ogre
 11422 | D:9      | Reached skill level 5 in Evocations
 11422 | D:9      | Reached XP level 11. HP: 62/62 MP: 12/12
 11894 | D:9      | Found a sparkling altar of Nemelex Xobeh.
 11944 | D:9      | Identified the amulet of Quewumuz {RegenMP rN+}
 12127 | D:9      | Killed a six-headed hydra
 12134 | D:10     | Entered Level 10 of the Dungeon
 12175 | D:9      | Paralysed by a hornet for 2 turns
 12433 | D:10     | Reached skill level 1 in Invocations
 12534 | D:10     | Found a shimmering blue altar of Sif Muna.
 12707 | D:10     | Found a staircase to the Lair.
 13050 | Lair:1   | Entered Level 1 of the Lair of Beasts
 13146 | Lair:1   | Noticed Joseph
 13485 | Lair:1   | Killed Joseph
 13884 | Lair:1   | Reached skill level 5 in Invocations
 14449 | Lair:2   | Found a hole to the Spider Nest.
 14462 | Lair:2   | Reached XP level 12. HP: 67/67 MP: 17/17
 14949 | Lair:2   | Noticed a catoblepas
 14956 | Lair:2   | Killed a catoblepas
 16022 | Lair:3   | Found a staircase to the Swamp.
 16137 | Lair:3   | Noticed a six-headed hydra
 16275 | Lair:3   | Reached skill level 10 in Invocations
 16276 | Lair:3   | Noticed a catoblepas
 16299 | Lair:3   | Killed a catoblepas
 16300 | Lair:3   | Reached skill level 5 in Fighting
 17059 | Lair:4   | Noticed Nergalle
 17067 | Lair:4   | Killed Nergalle
 17218 | Lair:4   | Reached XP level 13. HP: 78/78 MP: 21/21
 17262 | Lair:4   | Noticed Urug
 17279 | Lair:4   | Killed Urug
 17479 | Lair:4   | Reached ****** piety under Zin
 18053 | Lair:5   | You are sucked into a shaft and drop 1 floor!
 18053 | Lair:6   | Entered Level 6 of the Lair of Beasts
 18619 | Lair:6   | Reached skill level 10 in Fighting
 18619 | Lair:6   | Reached skill level 1 in Armour
 18647 | Lair:6   | Found a staircase to the Slime Pits.
 19018 | Lair:6   | Reached skill level 5 in Armour
 19833 | Lair:5   | Found a blossoming altar of Fedhas.
 21068 | Lair:6   | Reached XP level 14. HP: 88/88 MP: 22/22
 21096 | Lair:6   | Reached skill level 10 in Armour
 21304 | Lair:6   | Reached skill level 5 in Dodging
 21785 | Lair:6   | Found an opulent altar of Gozag.
 23300 | D:2      | Bought a runed plate armour for 624 gold pieces
 23312 | D:2      | Bought an embroidered cloak for 180 gold pieces
 23625 | D:11     | Found a shadowy altar of Dithmenos.
 24122 | D:11     | Found Epreged's General Store.
 24306 | D:12     | Found a portal to a secret trove of treasure.
 24879 | D:12     | Found a runed translucent gate.
 24879 | D:12     | Found a runed translucent gate.
 24881 | D:12     | Noticed strifetoe's ghost (journeyman TrMo)
 24884 | D:12     | Found a runed translucent gate.
 24958 | D:12     | Reached skill level 10 in Dodging
 25047 | D:12     | Reached skill level 5 in Shields
 26592 | D:12     | Found a sacrificial altar of Ru.
 26675 | D:12     | Found a staircase to the Orcish Mines.
 26778 | Orc:1    | Entered Level 1 of the Orcish Mines
 26929 | Orc:2    | Entered Level 2 of the Orcish Mines
 28105 | Orc:2    | Paralysed by an orc sorcerer for 7 turns
 28353 | Orc:2    | Reached XP level 15. HP: 76/86 MP: 23/23
 28694 | Orc:2    | Found Ziplaam's Armour Shop.
 28694 | Orc:2    | Found Zapherer's Magic Scroll Emporium.
 28700 | Orc:2    | Bought a scroll of acquirement for 676 gold pieces
 28703 | Orc:2    | Acquired a +2 crystal plate armour
 28879 | Orc:2    | Found a staircase to the Elven Halls.
 29352 | Orc:2    | Found Caybovan's Jewellery Emporium.
 29460 | Orc:2    | Found Hiliux's Weapon Shop.
 30530 | D:13     | Reached skill level 10 in Shields
 31801 | D:13     | Noticed Josephine
 31812 | D:13     | Killed Josephine
 31826 | D:13     | Noticed Jorgrun
 33558 | D:14     | Found a gate to the Vaults.
 34863 | D:15     | Entered Level 15 of the Dungeon
 35742 | D:15     | Reached XP level 16. HP: 97/97 MP: 24/24
 35883 | D:15     | Found Banul's Gadget Gallery.
 37044 | D:15     | Found a staircase to the Depths.
 37259 | D:14     | Noticed a tengu reaver
 37413 | D:11     | Bought a +1 pair of gloves of infusion for 231 gold pieces
 37600 | D:11     | Killed strifetoe's ghost
 38070 | D:13     | Killed Jorgrun
 38263 | Spider:1 | Entered Level 1 of the Spider Nest
 38329 | Spider:1 | Reached skill level 15 in Shields
 38339 | Spider:1 | Noticed Nikola
 38358 | Spider:1 | Killed Nikola
 38926 | Spider:1 | Identified the +10 quarterstaff of Burning Innocence
                  | {protect, rN+ Str+7 Dex-3}
 42052 | Spider:4 | Entered Level 4 of the Spider Nest
 42722 | Spider:3 | Reached XP level 17. HP: 49/102 MP: 10/25
 42951 | Spider:3 | Acquired a +0 double sword of electrocution
 43780 | Spider:4 | Reached skill level 15 in Long Blades
 44761 | Spider:4 | Reached skill level 16 in Long Blades
 45312 | Spider:4 | Got a gossamer rune of Zot
 45600 | Swamp:1  | Entered Level 1 of the Swamp
 46104 | Swamp:1  | Noticed Donald
 46112 | Swamp:1  | Killed Donald
 46667 | Swamp:2  | Paralysed by a fenstrider witch for 4 turns
 46671 | Swamp:2  | Slain by a fenstrider witch

Illustrated notes

Levels and vault maps discovered:
D:1:      eino_arrival_tree_alley, layout_basic,
          dreamdust_ecumenical_altar_statues
D:2:      layout_basic, serial_shops, nicolae_diamond_shop, minmay_statues_item,
          kennysheep_cross_bottleneck
D:3:      layout_rooms, mainiacjoe_overflow_six_doors_small,
          nzn_hepliaklqana_mist_gate, biasface_ghost_orc_armoury, serial_undead,
          serial_undead_c, serial_undead_c, serial_undead_d, serial_undead_c,
          serial_undead_b, uniq_sigmund, uniq_jessica
D:4:      layout_loops_ring
D:5:      layout_gridville
D:6:      layout_loops_corners, minmay_temple_entry_mist
D:7:      hangedman_cross_stitches, layout_rooms,
          mainiacjoe_overflow_concentric_impassable,
          mainiacjoe_overflow_catwalk, uniq_maggie
D:8:      layout_rooms, lemuel_mausoleum_altar_kikubaaqudgha, old_standard_altar
D:9:      layout_long_grid, chequers_temple_overflow_statue_of_worship,
          minmay_misc_feat_enclosed
D:10:     layout_long_grid, mainiacjoe_overflow_24_doors,
          grunt_lair_entry_orc_guard_hut
D:11:     layout_cave_pods, serial_shops, shop, nicolae_dithmenos_the_darkroom
D:12:     minmay_dotted_concentric_squares, layout_small_grid,
          nicolae_trove_entry_free_sample, special_room [special_room_orc],
          gammafunk_ghost_nasty_kobolds, nicolae_ru_great_annihilating_truth
D:13:     layout_cross, uniq_josephine, uniq_jorgrun
D:14:     minmay_diamond_stairs, layout_basic, skrybe_vaults_entry_preservation,
          grunt_decor_one_mirror, minivault_7
D:15:     grunt_enter_depths_magical_seal, layout_basic, nicolae_shop_gadgets
Lair:1:   layout_loops_ring, uniq_joseph
Lair:2:   layout_loops_ring, nicolae_spider_entry_non_spiders
Lair:3:   beast_lair_carwin_large_3, layout_cellular_growth,
          minmay_swamp_entry_worms
Lair:4:   layout_roguey, uniq_urug, uniq_nergalle
Lair:5:   layout_loops_ring, hangedman_tree_tricks, infiniplex_staircase_pool
Lair:6:   grunt_lair_end_beastmaster, layout_layer_cave,
          nicolae_slime_entry_slimehenge, basic_altar, roderic_batcave,
          lemuel_fruit_tree
Swamp:1:  layout_basic_swamp, nicolae_swamp_little_tower, uniq_donald
Swamp:2:  layout_falls_marsh, evilmike_swamp_ruin_rubble_1
Spider:1: layout_spider_delve, guppyfry_hornet_nest, uniq_nikola
Spider:2: layout_spider_delve
Spider:3: layout_spider_delve
Spider:4: floodkiller_spider_rune_tomb, drop_trap
Orc:1:    layout_caves
Orc:2:    st_orc_town, layout_caves, nooodl_orcs_dogs

Skill      XL: |  1  2  3  4  5  6  7  8  9 10 11 12 13 14 15 16 17 |
---------------+----------------------------------------------------+-----
Maces & Flails | 4 5 6 |  6.8
Throwing       | 3 4 |  4.0
Long Blades    | 3 6 9 12 14 16 | 16.0
Shields        | 4 7 13 15 | 15.0
Fighting       | 4 7 10 12 | 12.6
Evocations     | 5 8 |  8.0
Invocations    | 6 10 | 10.0
Armour         | 9 10 14 | 14.3
Dodging        | 10 | 10.0

Action                   |  1- 3 |  4- 6 |  7- 9 | 10-12 | 13-15 | 16-18 || total
-------------------------+-------+-------+-------+-------+-------+-------++-------
Melee: Flail             |    69 |   127 |       |       |       |       ||   196
       Kick              |    20 |    40 |    69 |   270 |   767 |   466 ||  1632
       Peck              |     7 |    22 |    44 |   161 |   487 |   305 ||  1026
       Falchion          |       |    14 |   213 |   619 |   802 |       ||  1648
       Scimitar          |       |       |       |       |   740 |   556 ||  1296
       Unarmed           |       |       |       |       |       |     5 ||     5
       Double sword      |       |       |       |       |       |   427 ||   427
Throw: Throwing net      |     1 |       |       |       |     2 |       ||     3
       Dart              |       |    19 |    39 |    52 |    57 |    14 ||   181
Invok: Vitalisation      |       |       |       |       |     5 |     3 ||     8
       Recite            |       |       |       |       |     5 |     3 ||     8
       Sanctuary         |       |       |       |       |     5 |       ||     5
Evoke: Wand              |       |       |       |    11 |    39 |     3 ||    53
       Lightning rod     |       |       |       |       |       |     4 ||     4
  Use: Scroll            |       |       |     5 |    11 |    24 |    16 ||    56
       Potion            |       |       |       |     2 |     9 |     2 ||    13
 Stab: Sleeping          |     1 |       |       |     1 |       |       ||     2
       Held in net/web   |     1 |       |       |       |     1 |       ||     2
       Distracted        |       |     1 |       |       |       |       ||     1
       Paralysed         |       |       |       |     2 |     2 |       ||     4
       Petrified         |       |       |       |     4 |     3 |       ||     7
       Invisible         |       |       |       |       |     1 |     1 ||     2
       Petrifying        |       |       |       |       |     2 |       ||     2
       Confused          |       |       |       |       |     2 |       ||     2
Armor: Leather armour    |     9 |    18 |       |       |       |       ||    27
       Chain mail        |       |    29 |   106 |     2 |       |       ||   137
       Swamp dragon scal |       |       |       |   107 |   111 |       ||   218
       Plate armour      |       |       |       |       |   139 |       ||   139
       Crystal plate arm |       |       |       |       |   300 |   421 ||   721
Dodge: Dodged            |    36 |    91 |   155 |   389 |  1149 |   473 ||  2293
Block: Buckler           |       |       |       |   124 |   434 |       ||   558
       Kite shield       |       |       |       |       |   194 |  1080 ||  1274
       Reflection        |       |       |       |       |     7 |    18 ||    25

Table legend: (Time is in decaauts)
 A = Elapsed time spent in this place.
 B = Non-inter-level travel time spent in this place.
 C = Inter-level travel time spent in this place.
 D = Time resting spent in this place.
 E = Time spent auto-exploring this place.
 F = Levels seen in this place.
 G = Mean time per level.
                   A        B        C        D        E       F      G
               +--------+--------+--------+--------+--------+-----+--------+
         Total |  43712 |  41247 |   2465 |  14064 |  18215 |  29 | 1507.3 |
       Dungeon |  24038 |  22428 |   1610 |   7359 |  10506 |  15 | 1602.5 |
          Lair |   9522 |   9036 |    486 |   3006 |   4175 |   6 | 1587.0 |
         Swamp |    725 |    718 |      7 |      6 |    488 |   2 |  362.5 |
   Spider Nest |   6677 |   6405 |    272 |   2769 |   1980 |   4 | 1669.2 |
  Orcish Mines |   2748 |   2659 |     89 |    923 |   1065 |   2 | 1374.0 |
               +--------+--------+--------+--------+--------+-----+--------+

Top non-repeatable levels by time:
    D:12: 3773 daAuts
    D:14: 3619 daAuts
  Lair:6: 2528 daAuts
Spider:2: 2221 daAuts
Spider:4: 2189 daAuts
  Lair:5: 2181 daAuts
     D:6: 1929 daAuts
     D:2: 1843 daAuts
    D:11: 1564 daAuts
Spider:3: 1505 daAuts
     D:9: 1487 daAuts
  Lair:3: 1486 daAuts
   Orc:2: 1483 daAuts
  Lair:2: 1448 daAuts
    D:15: 1446 daAuts
